AoeStats
← rovertom

Arabia

510139674Analyzed
1v1 RM · 3d ago on Sep 29, 2026· 32m 37s· 2 players
Game mode
Random Map
Map size
Tiny (2 player)
Population
200
Speed
Normal
Resources
Standard
Victory
Conquest
Starting age
Dark Age
Ending age
Imperial Age
RankedLock teamsTeams togetherTeam positionsShared explorationLock speedFull tech treeHidden civsTurbo modeCheats
Victory
Defeat
🇨🇱 Maya · Chile
1009
+14
🇨🇳 Georgians · China
975
-14
rovertom
0:45 Loom
10:28 Feudal Age
11:08 Horse Collar
11:18 Double-Bit Axe
13:25 Wheelbarrow
18:20 Castle Age
23:15 Bow Saw
26:17 Bow Saw
25:58 Gold Mining
26:50 Stone Mining
30:32 Stone Shaft Mining
Boss's Order
0:36 Loom
10:46 Feudal Age
11:16 Double-Bit Axe
14:17 Town Watch
15:13 Wheelbarrow
14:52 Horse Collar
20:50 Castle Age
20:40 Fletching
20:50 Padded Archer Armor
20:59 Crossbowman
21:26 Pikeman
23:19 Bodkin Arrow
24:47 Squires
24:08 Eagle Warrior
25:06 Scale Mail Armor
26:13 Bow Saw
Connection lost

Rejoining the realm…

Still unreachable

The connection could not be restored.

Session expired

The server has moved on; the page needs a fresh start.